 Dungeon Crawl Stone Soup version 0.27.1-35-g4d5d836560 (console) character file.

Game seed: 9470318488912837685

184 grimtooth the Cudgeller (level 5, 0/42 HPs)
             Began as a Demonspawn Abyssal Knight on May 28, 2022.
             Was a Believer of Lugonu.
             Slain by an orc (6 damage)
             ... on level 3 of the Dungeon.
             The game lasted 00:11:58 (2846 turns).

grimtooth the Cudgeller (Demonspawn Abyssal Knight) Turns: 2846, Time: 00:11:59

Health: 0/42       AC:  4    Str: 12    XL:     5   Next: 36%
Magic:  0/6        EV: 11    Int: 14    God:    Lugonu [**....]
Gold:   94         SH:  0    Dex: 13    Spells: 4/4 levels left

rFire    . . .     SeeInvis .   a - +3 mace
rCold    . . .     Faith    .   (no shield)
rNeg     . . .     Spirit   +   i - +0 leather armour
rPois    .         Reflect  .   (helmet restricted)
rElec    .         Harm     .   (no cloak)
rCorr    .         Rampage  .   (no gloves)
Will     .....                  j - +0 pair of boots
Stlth    +.........             p - amulet of guardian spirit
HPRegen  0.14/turn              (no ring)
MPRegen  0.10/turn              (no ring)

@: confused
A: antennae 1, ignite blood 2, powered by pain 1
a: Renounce Religion, Depart the Abyss, Bend Space


You were on level 3 of the Dungeon.
You worshipped Lugonu.
Lugonu was pleased with you.
You visited 1 branch of the dungeon, and saw 3 of its levels.
You visited the Abyss 1 time.

You collected 94 gold pieces.

Inventory:

Hand Weapons
 a - a +3 mace (weapon)
 b - a +0 hunting sling
 n - a +1 mace
Missiles
 c - 56 stones (quivered)
 f - 34 sling bullets
 o - 7 curare-tipped darts
 r - 2 datura-tipped darts
 s - 14 poisoned darts
Armour
 g - a scarf of harm
 i - a +0 leather armour (worn)
 j - a +0 pair of boots (worn)
 q - a +0 scale mail
Jewellery
 k - an amulet of faith
 p - an amulet of guardian spirit (around neck)
Scrolls
 e - 2 scrolls of identify {unknown}
 m - a scroll of enchant weapon {unknown}
Potions
 d - a potion of brilliance {unknown}
 h - a potion of berserk rage {unknown}
 l - a potion of haste {unknown}


   Skills:
 + Level 4.2 Fighting
 * Level 4.3 Maces & Flails
 - Level 1.7 Armour
 - Level 0.8 Dodging
 - Level 2.4 Invocations


You had 4 spell levels left.
You didn't know any spells.
Your spell library contained the following spells:

 Spells                   Type           Power      Damage    Failure   Level
 Sting                    Tmut/Pois      0%         1d3       36%         1
 Mephitic Cloud           Conj/Pois/Air  0%         N/A       73%         3
 Statue Form              Tmut/Erth      0%         N/A       100%        6
 Necromutation            Tmut/Necr      0%         N/A       100%        8
 Chain Lightning          Conj/Air       0%         N/A       100%        9
 Fire Storm               Conj/Fire      0%         5d1       100%        9


Dungeon Overview and Level Annotations

Branches:
Dungeon (3/15)

Altars:


Innate Abilities, Weirdness & Mutations

You have a pair of small antennae on your head.
Your demonic aura often causes spilled blood to erupt in flames.
You sometimes gain a little power by taking damage.


Message History

The orc shouts!
The stone hits the orc wizard but does no damage.
The orc wizard is moderately wounded.
The orc wizard gestures wildly while chanting.
The orc wizard flickers and vanishes!
Deactivating autopickup; reactivate with Ctrl-A.
Fire: 57 stones
Press: ? - help, Q - select action, (/) - cycle Shift-Dir - straight line, f - orc priest
Aim: an orc priest, wielding a +0 club and wearing a +0 scale mail (63% to hit)
You shoot a stone. The stone barely misses the orc priest.
The orc priest looks encouraged for a moment.
The orc priest mumbles some strange prayers to Beogh against you.
You barely resist.
a - a +3 mace (weapon)
You swing at nothing.
You hit something.
You hear some strange, mumbled words.
Something tries to affect you, but you resist.
You closely miss something. Something hits you.
You barely miss something. Something hits you. The orc closely misses you.
The orc priest mumbles some strange prayers to Beogh against you.
Beogh smites you!
You miss something.
You hear some strange, mumbled words.
You are confused.
The orc hits you but does no damage.
You bump into the rock wall.
The orc priest invokes the aid of Beogh against you.
Pain shoots through your body! The orc closely misses you.
Something hits you but does no damage. The orc priest barely misses you.
The orc closely misses you. Something hits you but does no damage.
You bump into the rock wall.
The orc priest barely misses you. The orc hits you but does no damage.
Something hits you.
You closely miss something.
The orc priest invokes the aid of Beogh against you.
Beogh smites you!
* * * LOW HITPOINT WARNING * * *
The orc hits you with a +0 mace.
You die...

.......#....+..................
............#†)##.#.....#......
.##.........)..#..#.....#..#.##
.##............#..#...#........
.##..#.........#..#...#..........
###............#......#..........
........#....#.##.#.#.#..........
...(...........#.................
..(((()........####.#....#.......
#(##............o...#....#....)#
#.##############@o.##...†#.....#
#.....# #.{.#..#........# ##(####
#...#....#......#. ...#
...##....#.....(.. ...#
#...##....#........ S(....#
...###............. ..o##.# #...#
#$............ ....# # ...##
#..††)........ ...... ...#
#..).......... ......#
#..<.......... ......#
##.........##.


You could see an orc priest and an orc.

Vanquished Creatures
  Jessica (D:2)
  An orc wizard (D:3)
  A gnoll (D:1)
  6 adders
  3 dart slugs
  3 orcs (D:3)
  7 ball pythons
  2 endoplasms (D:1)
  4 giant cockroaches
  6 hobgoblins
  7 jackals
  3 quokkas
  4 bats
  3 frilled lizards
  3 goblins
  6 kobolds
  4 rats
64 creatures vanquished.

Notes
Turn   | Place    | Note
-------+----------+-------------------------------------------
     0 | Abyss:1  | grimtooth the Demonspawn Abyssal Knight began the quest for
                  | the Orb.
     0 | Abyss:1  | Reached XP level 1. HP: 18/18 MP: 2/2
     8 | Abyss:1  | Found a corrupted altar of Lugonu.
    94 | Abyss:1  | Noticed a sun demon
    96 | D:1      | Escaped the Abyss
   130 | D:1      | Gained mutation: You sometimes gain a little power by
                  | taking damage. [demonic ancestry]
   130 | D:1      | Reached XP level 2. HP: 14/24 MP: 3/3
   213 | D:1      | Reached * piety under Lugonu
   645 | D:1      | Gained mutation: Your demonic aura sometimes causes spilled
                  | blood to erupt in flames. [demonic ancestry]
   645 | D:1      | Reached XP level 3. HP: 20/29 MP: 4/4
   764 | D:1      | Found a faded altar of an unknown god.
  1682 | D:2      | Gained mutation: You have a pair of small antennae on your
                  | head. [demonic ancestry]
  1682 | D:2      | Reached XP level 4. HP: 29/37 MP: 5/5
  2000 | D:2      | Noticed Jessica
  2012 | D:2      | Killed Jessica
  2122 | D:2      | Got the Volume of Toxic Changing
  2592 | D:3      | Reached ** piety under Lugonu
  2593 | D:3      | Gained mutation: Your demonic aura often causes spilled
                  | blood to erupt in flames. [demonic ancestry]
  2593 | D:3      | Reached XP level 5. HP: 41/42 MP: 6/6
  2846 | D:3      | Slain by an orc

Illustrated notes

Levels and vault maps discovered:
D:1:      minmay_arrival_three_doors, layout_basic,
          shapermc_ecumenical_altar_starsandcircs
D:2:      layout_loops_corners, uniq_jessica
D:3:      layout_basic, serial_curves, eino_curves_03, eino_curves_01,
          minmay_fractal_squares_diagonal_5

Skill      XL: |  1  2  3  4 |
---------------+-------------+-----
Maces & Flails | 2 3 4 |  4.3
Fighting       | 4 |  4.2
Armour         | |  1.7
Dodging        | |  0.8
Invocations    | |  2.4

Action                   |  1- 3 |  4- 6 || total
-------------------------+-------+-------++-------
Melee: Mace              |   100 |    70 ||   170
 Fire: Hunting sling     |     3 |    57 ||    60
Throw: Stone             |     4 |     1 ||     5
Invok: Depart the Abyss  |     1 |       ||     1
Armor: Leather armour    |    31 |    30 ||    61
Dodge: Dodged            |    75 |    50 ||   125
